 Dungeon Sprint DCSS version 0.21-a0-216-g6d3fd91 (webtiles) character file.

97 Kidiri the Thaumaturge (level 4, -1/24 HPs)
             Began as a Deep Elf Fire Elementalist on Aug 23, 2017.
             Was a Priest of Vehumet.
             Killed from afar by an orc wizard (7 damage)
             ... with a magic dart
             ... in the Dungeon (Sprint VII: "The Pits").
             The game lasted 00:05:33 (529 turns).

Kidiri the Thaumaturge (Deep Elf Fire Elementalist)  Turns: 529, Time: 00:05:33

Health: -1/24      AC:  2    Str:  5    XL:     4   Next: 42%
Magic:  0/16       EV: 13    Int: 21    God:    Vehumet [***...]
Gold:   0          SH:  0    Dex: 15    Spells: 11/20 levels left

rFire    . . .     SeeInvis .   k - +2 dagger
rCold    . . .     Gourm    .   (no shield)
rNeg     . . .     Faith    .   a - +0 robe
rPois    .         Spirit   .   (no helmet)
rElec    .         Reflect  .   (no cloak)
rCorr    .         Harm     .   (no gloves)
MR       .....     NoTele   +   (no boots)
Stlth    ++........             (no amulet)
HPRegen  0.08/turn              (no ring)
MPRegen  0.15/turn              (no ring)

@: very slightly contaminated
A: no striking features
a: Renounce Religion


You were in the Dungeon.
You worshipped Vehumet.
Vehumet was most pleased with you.
You were not hungry.

You visited 1 branch

Inventory:

Hand Weapons
 k - a +2 dagger (weapon)
Armour
 a - a +0 robe (worn)
Scrolls
 i - a scroll of blinking
 m - 3 scrolls of remove curse
 n - 5 scrolls of amnesia
 o - a scroll of summoning
Potions
 d - 6 potions of curing
 e - 6 potions of heal wounds
 f - a potion of haste
 g - 4 potions of magic
 h - 3 potions of berserk rage
 l - 2 potions of invisibility
Books
 b - a book of Flames

   Spells                             Type                      Level
   a - Flame Tongue                   Conjuration/Fire             1
   b - Throw Flame                    Conjuration/Fire             2
   c - Conjure Flame                  Conjuration/Fire             3
   d - Inner Flame                    Hexes/Fire                   3
   e - Sticky Flame                   Conjuration/Fire             4
   f - Fireball                       Conjuration/Fire             5
Comestibles
 c - 8 bread rations
 p - 40 fruits
 q - 7 meat rations


   Skills:
 - Level 2.4 Dodging
 - Level 2.4 Stealth
 * Level 8.7 Spellcasting
 + Level 4.6 Conjurations
 + Level 5.9 Fire Magic


You had 11 spell levels left.
You knew the following spells:

 Your Spells              Type           Power        Failure   Level  Hunger
a - Flame Tongue          Conj/Fire      ####.        1%          1    None
b - Throw Flame           Conj/Fire      ####..       1%          2    None
c - Conjure Flame         Conj/Fire      ####....     1%          3    None
d - Inner Flame           Hex/Fire       ###.....     1%          3    None


Dungeon Overview and Level Annotations

Branches:
Dungeon (1/1)

Altars:
Ashenzari
Cheibriados
Dithmenos
Elyvilon
Fedhas
Gozag
Hepliaklqana
Kikubaaqudgha
Makhleb
Nemelex Xobeh
Okawaru
Qazlal
Ru
Sif Muna
Trog
Uskayaw
Vehumet
Wu Jian
Xom
Yredelemnul
Zin
The Shining One
Beogh
Jiyva
Lugonu


Message History

The orc wizard casts a spell.
The orc wizard seems to speed up.
Casting: Conjure Flame
Confirm with . or Enter, or press ? or * to list all spells.
Aiming: Flame Tongue
Press: ? - help, Shift-Dir - straight line, f - orc
Aim: an orc, wielding a club The flame tongue misses the orc.
The flame tongue hits the frilled lizard.
You kill the frilled lizard!
Vehumet accepts your kill.
The orc priest mumbles some strange prayers to Beogh against you.
Beogh smites you!
An orc comes into view. It is wielding a trident.
The orc wizard casts a spell at you. The magic dart hits you!
* * * LOW HITPOINT WARNING * * *
The orc wizard casts a spell at you. The magic dart hits you!
You die...

#...........'.....
#'#####+#####.....
#.#...).#[[##.....
#.#.....#))#####+#
#.###+###))##.....
#.#.....#))##.....
#.#.....#..##.....
#.####+##+###...<.
#@#........##.....
#.#÷.....(.##.....
#§###########.....
#o) ###### #.oo
##s#o o.o. .# #.
.. ..


You could see a scorpion, an orc wizard and 2 orcs.

Vanquished Creatures
  An orc priest (D)
  A jelly (D)
  A worker ant (D)
  An ufetubus (D)
  An ooze (D)
  A bat (D)
  A giant cockroach (D)
  2 kobolds (D)
  A quokka (D)
  A frilled lizard (D)
  A rat (D)
12 creatures vanquished.

Notes
Turn   | Place    | Note
-------+----------+-------------------------------------------
     0 | D        | Kidiri the Deep Elf Fire Elementalist began the quest for the Orb.
     0 | D        | Reached XP level 1. HP: 10/10 MP: 6/6
    55 | D        | Found a bloodstained altar of Trog.
    55 | D        | Found a deep blue altar of Sif Muna.
    55 | D        | Found a viscous altar of Jiyva.
    55 | D        | Found a hazy altar of Hepliaklqana.
    55 | D        | Found an opulent altar of Gozag.
    56 | D        | Found a glowing golden altar of the Shining One.
    56 | D        | Found a glowing silver altar of Zin.
    56 | D        | Found a basalt altar of Yredelemnul.
    56 | D        | Found a shimmering altar of Xom.
    56 | D        | Found an ornate altar of the Wu Jian Council.
    56 | D        | Found a sacrificial altar of Ru.
    56 | D        | Found a stormy altar of Qazlal.
    56 | D        | Found an iron altar of Okawaru.
    56 | D        | Found a sparkling altar of Nemelex Xobeh.
    56 | D        | Found a burning altar of Makhleb.
    56 | D        | Found a blossoming altar of Fedhas.
    56 | D        | Found a white marble altar of Elyvilon.
    56 | D        | Found a shadowy altar of Dithmenos.
    56 | D        | Found a snail-covered altar of Cheibriados.
    58 | D        | Found a radiant altar of Vehumet.
    58 | D        | Found a corrupted altar of Lugonu.
    58 | D        | Found a roughly hewn altar of Beogh.
    59 | D        | Found a hide-covered altar of Uskayaw.
    59 | D        | Found an ancient bone altar of Kikubaaqudgha.
    59 | D        | Found a shattered altar of Ashenzari.
    66 | D        | Became a worshipper of Vehumet
    95 | D        | Reached skill level 4 in Spellcasting
   228 | D        | Reached * piety under Vehumet
   228 | D        | Offered knowledge of Sandblast by Vehumet.
   247 | D        | Reached skill level 5 in Spellcasting
   247 | D        | Reached XP level 2. HP: 15/15 MP: 8/10
   251 | D        | Learned a level 2 spell: Throw Flame
   281 | D        | Reached ** piety under Vehumet
   281 | D        | Reached skill level 6 in Spellcasting
   281 | D        | Reached XP level 3. HP: 9/19 MP: 2/13
   448 | D        | Learned a level 3 spell: Conjure Flame
   452 | D        | Learned a level 3 spell: Inner Flame
   455 | D        | Offered knowledge of Searing Ray by Vehumet.
   459 | D        | Reached skill level 5 in Fire Magic
   523 | D        | Reached skill level 7 in Spellcasting
   523 | D        | Reached XP level 4. HP: 21/24 MP: 7/15
   526 | D        | Reached *** piety under Vehumet
   526 | D        | Reached skill level 8 in Spellcasting
   529 | D        | Killed from afar by an orc wizard

Vault maps used:
D:        pitsprint

Skill      XL: |  1  2  3  4 |
---------------+-------------+-----
Spellcasting   | 5 6 7 8 |  8.7
Conjurations   | 2 3 4 |  4.6
Fire Magic     | 4 5 |  5.9
Dodging        | |  2.4
Stealth        | |  2.4

Action                   |  1- 3 |  4- 6 || total
-------------------------+-------+-------++-------
Melee: Dagger            |     1 |       ||     1
 Cast: Flame Tongue      |    15 |     3 ||    18
       Throw Flame       |     2 |       ||     2
       Conjure Flame     |     2 |     1 ||     3
Dodge: Dodged            |     3 |       ||     3

Table legend:
 A = Spawn XP
 B = Non-spawn XP
 C = Spawn XP percentage of total XP
 D = Spawn monster count
 E = Non-spawn monster count
 F = Spawn count percentage of total count
 G = Total turns spent on level
                    A         B        C        D         E        F      G
               +---------+---------+-------+---------+---------+-------+---------
         Total |       0 |     139 |   0.0 |       0 |      12 |   0.0 |   529
               +---------+---------+-------+---------+---------+-------+---------
             D |       0 |     139 |   0.0 |       0 |      12 |   0.0 |   529
               +---------+---------+-------+---------+---------+-------+---------
